 Dungeon Crawl Stone Soup version 0.21.1-1-g345015fe64 (webtiles) character file.

2513 Ryomija the Cleaver (level 9, -8/70 HPs)
             Began as a Minotaur Berserker on May 12, 2018.
             Was an Elder of Trog.
             Mangled by an ogre
             ... wielding a +0 giant spiked club
              (14 damage)
             ... on level 6 of the Dungeon.
             The game lasted 00:14:32 (5707 turns).

Ryomija the Cleaver (Minotaur Berserker)            Turns: 5707, Time: 00:14:33

Health: -8/70      AC:  7    Str: 24    XL:     9   Next: 29%
Magic:  8/8        EV: 11    Int:  4    God:    Trog [****..]
Gold:   368        SH:  0    Dex: 11    Spells: 8/8 levels left

rFire    + . .     SeeInvis .   t - +3 hand axe
rCold    . . .     Gourm    .   (no shield)
rNeg     . . .     Faith    .   k - +1 ring mail {rF+}
rPois    .         Spirit   .   (helmet restricted)
rElec    .         Reflect  .   w - +0 cloak
rCorr    .         Harm     .   (no gloves)
MR       +....                  (no boots)
Stlth    +.........             (no amulet)
HPRegen  0.21/turn              b - ring of protection from magic
MPRegen  0.11/turn              y - ring of flight

@: lethally poisoned (-8 -> -10), berserk cooldown, slowed, very slow
A: retaliatory headbutt, horns 2
a: Berserk, Trog's Hand, Brothers in Arms, Burn Spellbooks, Renounce Religion,
Evoke Flight


You were on level 6 of the Dungeon.
You worshipped Trog.
Trog was greatly pleased with you.
You were hungry.

You visited 1 branch of the dungeon, and saw 7 of its levels.

You collected 368 gold pieces.

Inventory:

Hand Weapons
 t - a +3 hand axe (weapon)
Armour
 k - a +1 ring mail of fire resistance (worn)
 m - a +1 chain mail of positive energy
 w - a +0 cloak (worn)
 x - a +0 chain mail
Jewellery
 b - a ring of protection from magic (left hand)
 p - an uncursed ring of resist corrosion
 y - a ring of flight (right hand)
Wands
 l - a wand of digging (8)
 o - a wand of iceblast (5)
 v - a wand of flame (46)
 z - a wand of acid (7)
Scrolls
 d - 8 scrolls of identify {unknown}
 e - a scroll of enchant weapon {unknown}
 h - 4 scrolls of teleportation {unknown}
 n - 2 scrolls of fear {unknown}
 q - 3 scrolls of random uselessness {unknown}
 r - 2 scrolls of magic mapping {unknown}
 u - a scroll of noise {unknown}
Potions
 a - a potion of agility {unknown}
 f - a potion of flight {unknown}
 g - 4 potions of brilliance {unknown}
 i - 2 potions of curing {unknown}
 j - a potion of haste {unknown}
 s - 2 potions of magic {unknown}
 A - a potion of resistance {unknown}
Comestibles
 c - 13 rations


   Skills:
 - Level 3.6 Fighting
 + Level 14.6 Axes
 - Level 2.4 Armour
 - Level 2.1 Dodging


You had 8 spell levels left.
You didn't know any spells.

Dungeon Overview and Level Annotations

Branches:
Dungeon (7/15)             Temple (0/1) D:5

Altars:
Fedhas
Nemelex Xobeh
Ru
Vehumet
Yredelemnul
Zin
The Shining One

Shops:
D:4 [   D:6 }


Innate Abilities, Weirdness & Mutations

You reflexively headbutt those who attack you in melee.
You have a pair of horns on your head.


Message History

The killer bee poisons you!
You miss the killer bee.
The killer bee is severely wounded.
You slash the ogre!
You feel sick. The killer bee barely misses you.
You hit the killer bee.
You kill the killer bee!
Trog accepts your kill.
You completely miss the ogre.
You feel sick. The ogre barely misses you.
You feel sick.
There is a stone staircase leading up here.
You see here a killer bee corpse.
You feel sick. The ogre completely misses you.
You climb upwards.
You feel sick.
There is a stone staircase leading down here.
You feel sick. The ogre closely misses you.
You feel sick. The ogre barely misses you.
You feel sick.
You feel sick.
The ogre hits you with a giant spiked club!
You die...

#......#####.#
###########......# #.#######
...............#.# #.......#
#######.###...##.###########.#
.................#.....###.#.#
####++####..#.##.#.......#.#.#
# ##......#.###.....#.# ≈≈≈
##...#.#.#...#.#.#.#
≈≈≈≈..≈≈≈≈≈##...@..#.#.#.#.#.#
≈≈≈≈..≈≈≈≈≈≈##..O#...#.#.#.#.#
≈≈≈≈..≈≈≈≈≈≈≈##..#.###)#.#.#.#
≈≈≈≈..≈≈≈≈≈≈≈≈#..#####.#...#.#
≈≈≈≈..≈≈≈≈≈≈≈≈#.....##.#####.#
≈≈≈....≈≈≈≈≈≈≈#..#####.......#
...% #........'.>......#######
)..$##........'<.#####.#
≈;≈....≈≈≈≈≈≈≈#......#.#


You could see an ogre.

Vanquished Creatures
  The ghost of Tali the Cleaver, a novice DsBe of Trog (D:7)
  The ghost of Viceroy the Soothsayer, a novice DsGl of Nemelex Xobeh (D:5)
  An orc warrior (D:7)
  2 sky beasts (D:6)
  2 centaurs
  2 bullfrogs
  3 scorpions
  3 killer bees (D:7)
  6 crimson imps
  A bullfrog zombie (D:6)
  A centaur zombie (D:5)
  A quasit (D:5)
  2 jellies (D:5)
  An orc priest (D:7)
  2 hounds
  A bullfrog skeleton (D:6)
  An iguana (D:6)
  3 worker ants
  Terence (D:3)
  A hound skeleton (D:5)
  A worker ant zombie (D:5)
  4 adders
  4 gnolls (D:6)
  2 shadow imps
  2 oozes (D:2)
  An adder zombie (D:5)
  An adder skeleton (D:6)
  2 worms
  3 dart slugs
  4 leopard geckos
  14 orcs
  2 ball pythons (D:2)
  7 bats
  10 giant cockroaches
  6 goblins
  9 hobgoblins
  16 jackals
  9 kobolds
  5 quokkas
  A frilled lizard (D:1)
  7 rats
146 creatures vanquished.

Notes
Turn   | Place    | Note
-------+----------+-------------------------------------------
     0 | D:1      | Ryomija the Minotaur Berserker began the quest for the Orb.
     0 | D:1      | Reached XP level 1. HP: 19/19 MP: 0/0
    18 | D:1      | Reached skill level 4 in Axes
    83 | D:1      | Reached XP level 2. HP: 22/26 MP: 1/1
   413 | D:1      | Reached skill level 5 in Axes
   620 | D:2      | Reached ** piety under Trog
   620 | D:2      | Reached XP level 3. HP: 25/31 MP: 2/2
   952 | D:2      | Found a glowing silver altar of Zin.
   961 | D:2      | Found a radiant altar of Vehumet.
  1501 | D:2      | Reached XP level 4. HP: 39/39 MP: 3/3
  1663 | D:3      | Reached skill level 6 in Axes
  1788 | D:3      | Noticed Terence
  1797 | D:3      | Killed Terence
  2200 | D:3      | Reached *** piety under Trog
  2551 | D:4      | Found a sacrificial altar of Ru.
  2577 | D:4      | Found Wuffa's Antique Armour Shop.
  2706 | D:4      | Reached skill level 7 in Axes
  2706 | D:4      | Reached XP level 5. HP: 27/45 MP: 4/4
  3232 | D:4      | Found a glowing golden altar of the Shining One.
  3241 | D:4      | Found a basalt altar of Yredelemnul.
  3373 | D:4      | Found a blossoming altar of Fedhas.
  3528 | D:5      | Entered Level 5 of the Dungeon
  3550 | D:5      | Reached skill level 8 in Axes
  3628 | D:5      | Reached XP level 6. HP: 51/51 MP: 5/5
  3752 | D:5      | Reached skill level 9 in Axes
  3825 | D:5      | Reached XP level 7. HP: 57/57 MP: 6/6
  3853 | D:5      | Reached skill level 10 in Axes
  3956 | D:5      | Found a staircase to the Ecumenical Temple.
  3960 | D:5      | Noticed Viceroy's ghost (novice DsGl)
  3982 | D:5      | Killed Viceroy's ghost
  3982 | D:5      | Reached skill level 11 in Axes
  4283 | D:5      | Found a sparkling altar of Nemelex Xobeh.
  4497 | D:6      | Reached XP level 8. HP: 55/64 MP: 7/7
  5098 | D:6      | Reached **** piety under Trog
  5125 | D:6      | Reached skill level 12 in Axes
  5288 | D:6      | Found Penweaq's Gadget Emporium.
  5456 | D:7      | Reached skill level 13 in Axes
  5467 | D:7      | Noticed Tali's ghost (novice DsBe)
  5477 | D:7      | Killed Tali's ghost
  5477 | D:7      | Reached skill level 14 in Axes
  5477 | D:7      | Reached XP level 9. HP: 43/70 MP: 8/8
  5707 | D:6      | Mangled by an ogre

Skill      XL: |  1  2  3  4  5  6  7  8 |
---------------+-------------------------+-----
Axes           | 4 5 7 8 9 11 14 | 14.6
Fighting       | |  3.6
Armour         | |  2.4
Dodging        | |  2.1

Action                   |  1- 3 |  4- 6 |  7- 9 || total
-------------------------+-------+-------+-------++-------
Melee: Hand axe          |    75 |   155 |   168 ||   398
       Headbutt          |    16 |    25 |    39 ||    80
Invok: Berserk           |       |       |     3 ||     3
 Stab: Sleeping          |     1 |       |       ||     1
  Eat: Chunk             |     2 |     7 |     8 ||    17
Armor: Animal skin       |    15 |       |       ||    15
       Ring mail         |     1 |     7 |    17 ||    25
       Chain mail        |       |    64 |    25 ||    89
Dodge: Dodged            |    49 |    64 |    51 ||   164
